Map: Lost and Found LE

Players

Cure - Winner!

  • Race: Terran Terran
  • League: Master
  • Spawn Location: 1:00

Namshar

  • Race: Zerg Zerg
  • League: Master
  • Spawn Location: 7:00

Event: HomeStory Cup XVIII

VOD

Have the link to the VOD?

Description

Time

  • Played on: Nov. 22, 2018, 7:59 a.m.
  • Length: 20:08

All games in this series

Show
View Real Time Build Order
Export as new Build Order

Cure Terran - Winner!

Build Orders: Reaper Expand 

Get SALT Encoding   

  12  0:00  SCV  
  13  0:12  SCV  
  14  0:17  Supply Depot  
  14  0:24  SCV  
  15  0:38  SCV  
  15  0:39  Barracks  
  16  0:42  Refinery  
  16  0:50  SCV  
  17  1:02  SCV  
  18  1:14  SCV  
  19  1:26  Reaper  
  19  1:27  Orbital Command  
  20  1:38  Command Center  
  20  1:46  Supply Depot  
  20  1:52  SCV  
  21  1:58  Reaper  
  22  2:04  SCV  
  23  2:16  SCV  
  23  2:22  Factory  
  24  2:28  SCV  
  25  2:40  Barracks Reactor  
  25  2:41  SCV  
  25  2:42  Command Center  
  26  2:50  Orbital Command  
  26  2:52  Refinery  
  26  2:53  SCV  
  27  3:05  SCV  
  28  3:17  SCV x2  
  28  3:19  Starport  
  29  3:26  Hellion x2  
  29  3:27  Barracks Tech Lab  
  33  3:29  SCV x2  
  36  3:41  SCV x2  
  36  3:47  Hellion x2  
  41  3:53  Barracks Tech Lab, SCV x2  
  41  3:54  Orbital Command  
  41  3:55  Viking  
  45  4:05  SCV x2  
  45  4:07  Refinery x2  
  45  4:08  Hellion x2  
  51  4:11  Liberator  
  51  4:14  Supply Depot  
  51  4:17  Marine, SCV x2  
  51  4:18  Stimpack, Orbital Command  
  54  4:29  SCV x2  
  59  4:35  Marine  
  59  4:36  Supply Depot  
  62  4:42  Supply Depot, Engineering Bay, SCV x2  
  62  4:45  SCV  
  63  4:48  Barracks  
  63  4:49  Factory Reactor  
  63  4:51  Barracks  
  63  4:54  SCV x2  
  63  4:57  Marine, Orbital Command  
  67  5:06  SCV x2  
  68  5:12  Starport Reactor  
  63  5:14  Orbital Command  
  63  5:15  Marine  
  63  5:16  Engineering Bay  
  63  5:18  Supply Depot, SCV x2  
  66  5:30  SCV x2  
  66  5:35  Factory Reactor  
  68  5:37  Marine x3  
  68  5:40  Terran Infantry Weapons Level 1  
  72  5:42  SCV  
  72  5:43  Terran Infantry Armor Level 1, SCV  
  72  5:45  SCV  
  74  5:51  Medivac x2  
  74  5:54  Marine  
  74  5:55  Marine x2, SCV x2  
  74  5:57  SCV  
  84  6:03  Marine, Barracks  
  84  6:04  Marine, Barracks  
  85  6:06  Supply Depot  
  85  6:07  SCV x2  
  89  6:11  SCV  
  89  6:12  Marine x2  
  89  6:13  Widow Mine  
  93  6:19  Supply Depot x2  
  93  6:21  Combat Shield  
  93  6:25  Widow Mine, SCV  
  93  6:27  SCV x2  
  93  6:28  Marine x3  
  93  6:30  Marine x2  
  96  6:36  Medivac x2  
  96  6:37  SCV  
  96  6:38  Armory  
  96  6:39  SCV  
  101  6:40  SCV  
  101  6:42  Supply Depot  
  101  6:43  Supply Depot  
  102  6:49  SCV  
  102  6:50  Marine x4, Barracks Reactor  
  102  6:51  Marine, SCV, Barracks Reactor  
  102  6:52  SCV  
  110  7:05  Factory  
  110  7:07  Command Center  
  110  7:09  Refinery  
  110  7:10  Refinery  
  110  7:21  Marine x2  
  110  7:22  Marine x3  
  113  7:26  SCV x3  
  113  7:28  Terran Vehicle And Ship Armor Level 1  
  114  7:36  Supply Depot  
  114  7:38  SCV x2  
  114  7:39  Terran Infantry Weapons Level 2, Terran Infantry Armor Level 2, Sensor Tower, SCV  
  114  7:40  Marine x6  
  114  7:41  Marine x3  
  126  7:44  Widow Mine x2  
  126  7:46  Medivac  
  132  7:56  Drilling Claws  
  132  7:57  Widow Mine, Medivac  
  132  7:58  Marine  
  137  8:00  Supply Depot  
  137  8:04  Supply Depot  
  137  8:09  Marine x6  
  137  8:11  Widow Mine  
  141  8:14  Supply Depot  
  141  8:18  Widow Mine  
  143  8:21  Barracks  
  143  8:22  Barracks  
  143  8:25  SCV x3  
  146  8:27  Barracks  
  146  8:32  Marine x4  
  146  8:33  Marauder  
  152  8:37  Widow Mine x2, Medivac x2  
  152  8:40  Widow Mine  
  162  8:45  Planetary Fortress  
  162  8:46  SCV x2  
  162  8:47  SCV  
  165  8:53  Sensor Tower  
  164  9:03  Marine x6, Marauder  
  164  9:07  Medivac  
  164  9:08  Widow Mine x2  
  178  9:16  Barracks Tech Lab x3  
  178  9:17  SCV x2  
  178  9:20  Refinery x2  
  178  9:21  Supply Depot  
  178  9:22  Supply Depot, SCV  
  170  9:26  Marine x3, Marauder  
  170  9:27  Marine  
  174  9:38  Widow Mine x2  
  177  9:41  Widow Mine  
  177  9:42  Terran Vehicle And Ship Armor Level 2  
  177  9:43  Widow Mine  
  177  9:44  Marine x2, Marauder x2  
  177  9:45  Command Center  
  187  9:46  Marine x2  
  187  9:47  Marine x2, Marauder x2  
  195  10:05  Marine x4, Marauder  
  196  10:15  Ghost Academy  
  196  10:16  Starport  
  196  10:17  Fusion Core  
  196  10:19  Starport  
  196  10:20  Terran Infantry Weapons Level 3, Terran Infantry Armor Level 3, Command Center  
  196  10:28  Marine x2  
  196  10:40  Marine x3, Marauder  
  196  10:43  Concussive Shells  
  196  10:45  Marine  
  196  10:47  Marine  
  196  10:48  Marine, Marauder  
  196  10:56  Starport Reactor  
  200  10:57  Marauder x2, Starport Tech Lab  
  200  11:05  Widow Mine  
  200  11:07  Marauder  
  200  11:08  Widow Mine  
  200  11:09  Marauder  
  185  11:17  Marine x4  
  185  11:18  Marauder x3  
  177  11:20  Widow Mine x2  
  154  11:27  Widow Mine, Medivac x3  
  154  11:28  Marauder  
  154  11:29  Orbital Command  
  161  11:36  Planetary Fortress  
  160  11:46  Supply Depot  
  160  11:48  Supply Depot x2  
  160  11:49  Supply Depot, Advanced Ballistics  
  160  12:01  Liberator  
  160  12:07  Liberator x2  
  160  12:08  Widow Mine x3, SCV  
  163  12:09  Marine x4, Marauder x2, SCV x2  
  163  12:10  Widow Mine, Marauder x2, Marine x2  
  163  12:11  Marauder, SCV  
  187  12:23  Personal Cloaking  
  187  12:24  SCV x2  
  195  12:40  Sensor Tower  
  195  12:51  Command Center  
  194  12:58  SCV x2  
  194  13:00  Marine x6  
  194  13:03  SCV  
  194  13:04  Widow Mine, SCV  
  195  13:06  Marauder  
  195  13:07  SCV  
  195  13:08  Liberator  
  194  13:15  Widow Mine  
  194  13:20  Marauder  
  195  13:37  Medivac  
  195  13:38  Liberator  
  195  13:44  Refinery  
  195  13:45  Refinery, Liberator  
  195  13:46  Refinery x2  
  195  13:47  Command Center  
  195  13:50  Liberator  
  195  13:51  Liberator  
  195  13:54  Medivac  
  186  14:11  Marine  
  186  14:12  Marine x5, Marauder x4  
  196  14:19  Ghost  
  198  14:32  Ghost  
  200  14:44  Planetary Fortress  
  200  14:51  Command Center  
  200  14:59  Command Center  
  200  15:00  Command Center x2, Orbital Command  
  200  15:01  Sensor Tower  
  200  15:04  Command Center  
  200  15:22  Terran Vehicle And Ship Armor Level 3  
  200  15:24  Ghost Academy  
  200  15:25  Armory, Ghost Academy  
  200  15:31  Ghost x3  
  200  15:35  Liberator x4  
  174  15:50  Ghost x2  
  174  15:53  Viking  
  174  15:55  Nuke  
  174  15:56  Nuke  
  192  15:57  Nuke  
  192  15:59  Ghost  
  194  16:18  Liberator  
  194  16:19  Liberator, Orbital Command  
  194  16:20  Orbital Command  
  194  16:21  Orbital Command  
  194  16:23  Viking  
  198  16:45  Refinery  
  198  16:50  Refinery  
  198  17:03  Ghost  
  198  17:06  Viking  
  200  17:14  Viking  
  199  17:20  Command Center  
  197  17:22  Command Center  
  197  17:27  Ghost x3  
  196  17:30  Nuke  
  196  17:31  Orbital Command  
  196  17:40  Viking x2  
  196  17:43  Terran Ship Weapons Level 1  
  200  17:46  Starport  
  200  17:48  Starport x2  
  189  18:13  Nuke x2  
  189  18:17  Unknown  
  189  18:18  Unknown x4  
  189  18:19  Unknown x3  
  170  18:35  Ghost x2  
  170  18:36  Viking x3, Raven  
  170  18:37  Viking  
  170  18:39  Nuke  
  182  18:53  Marine x6, Marauder  
  182  18:54  Marauder x2, Orbital Command  
  190  19:03  Marine  
  190  19:04  Marauder  
  190  19:07  Viking x3  
  199  19:11  Marine  
  197  19:43  Command Center  
  197  19:54  Refinery  
  197  19:55  Missile Turret  
  197  19:56  Refinery, Sensor Tower  
  197  19:59  Missile Turret  
Show
View Real Time Build Order
Export as new Build Order

Namshar Zerg 

Build Orders: Hatch First 

Get SALT Encoding   

  12  0:00  Drone  
  13  0:12  Overlord  
  13  0:16  Drone  
  14  0:30  Drone x2  
  16  0:46  Hatchery  
  15  0:50  Drone  
  15  0:54  Drone  
  17  0:57  Drone  
  18  1:08  Extractor  
  17  1:12  Spawning Pool  
  17  1:15  Drone  
  17  1:18  Drone  
  18  1:27  Drone  
  19  1:38  Drone  
  20  1:49  Drone  
  21  1:59  Queen x2  
  21  2:00  Zergling x4  
  27  2:10  Overlord, Drone  
  28  2:19  Hatchery  
  28  2:21  Drone  
  28  2:29  Drone  
  29  2:31  Drone  
  30  2:39  Queen  
  30  2:43  Metabolic Boost  
  32  2:44  Overlord  
  32  2:48  Drone  
  33  2:52  Drone  
  33  2:53  Drone  
  33  2:56  Overlord  
  35  3:14  Drone x4  
  35  3:18  Queen  
  41  3:22  Drone x3  
  44  3:28  Drone x2  
  44  3:30  Queen  
  48  3:37  Drone x3  
  51  3:42  Drone x2  
  51  3:45  Drone, Overlord  
  51  3:46  Drone  
  55  3:49  Drone  
  55  3:50  Drone  
  55  3:52  Drone  
  58  4:01  Overlord x2  
  58  4:07  Zergling x4  
  60  4:10  Queen  
  60  4:12  Zergling x6  
  60  4:13  Zergling x2  
  60  4:14  Overlord  
  66  4:19  Overlord  
  66  4:20  Drone x3  
  69  4:26  Extractor  
  69  4:27  Extractor, Drone  
  69  4:28  Drone x4  
  69  4:31  Overlord  
  72  4:36  Overlord  
  72  4:37  Drone  
  73  4:41  Zergling x2  
  74  4:48  Baneling Nest  
  74  4:49  Lair  
  73  4:53  Drone x4  
  73  4:55  Drone x2, Hatchery  
  73  4:57  Drone  
  79  5:14  Overlord x2  
  78  5:17  Zergling x4  
  78  5:19  Drone  
  78  5:20  Drone x6  
  78  5:21  Evolution Chamber x2  
  82  5:31  Overlord  
  82  5:32  Drone, Spore Crawler x2  
  82  5:33  Drone  
  82  5:35  Extractor  
  82  5:36  Extractor  
  82  5:38  Zergling x4  
  82  5:45  Overlord  
  82  5:46  Drone  
  82  5:47  Drone  
  84  5:50  Zerg Melee Weapons Level 1, Centrifical Hooks, Zerg Ground Armor Level 1  
  84  5:51  Hatchery  
  84  5:54  Drone  
  84  5:55  Drone  
  84  5:56  Hydralisk Den  
  84  6:03  Drone x5  
  89  6:04  Zergling x6  
  89  6:05  Zergling x2  
  93  6:17  Drone x3  
  92  6:24  Drone  
  92  6:29  Zergling x10  
  96  6:36  Muscular Augments  
  96  6:38  Drone x2  
  96  6:39  Extractor, Drone x3  
  100  6:41  Baneling x7  
  100  6:42  Baneling  
  100  6:45  Queen  
  102  6:47  Overlord x2  
  102  6:54  Drone x2, Baneling x2  
  104  6:55  Zergling x16  
  112  7:03  Baneling  
  112  7:04  Baneling x2  
  112  7:05  Zergling x10  
  116  7:12  Drone  
  116  7:14  Infestation Pit  
  114  7:17  Zergling x2  
  114  7:18  Zergling x4  
  114  7:21  Queen  
  111  7:32  Overseer, Hydralisk  
  111  7:33  Hydralisk x8  
  111  7:36  Pneumatized Carapace  
  129  7:46  Queen  
  129  7:47  Drone x4, Grooved Spines  
  129  7:48  Drone x4  
  136  7:52  Queen  
  136  7:56  Hive  
  136  7:58  Zergling x22  
  145  8:15  Zerg Ground Armor Level 2  
  145  8:16  Zergling x10  
  150  8:21  Zerg Melee Weapons Level 2  
  150  8:22  Overlord  
  150  8:23  Overlord x5  
  148  8:37  Overlord x2  
  148  8:40  Queen x2  
  152  8:41  Hydralisk  
  152  8:42  Hydralisk x4  
  152  8:43  Zergling x8  
  152  8:44  Baneling x3  
  152  8:47  Baneling x3  
  166  8:48  Hatchery  
  166  8:54  Zergling x6  
  166  8:55  Zergling x14  
  175  9:07  Baneling x8  
  175  9:08  Baneling  
  175  9:09  Zergling x2, Baneling x4  
  176  9:10  Zergling x18  
  176  9:14  Baneling  
  176  9:15  Baneling x3  
  185  9:19  Hydralisk  
  185  9:20  Zergling x16  
  189  9:27  Hydralisk  
  189  9:28  Zergling x14  
  196  9:36  Adrenal Glands  
  195  9:42  Drone  
  195  9:43  Extractor, Spire, Drone x3  
  197  9:52  Drone x4  
  198  9:55  Drone x3  
  198  9:58  Drone x4  
  191  10:10  Baneling x3  
  187  10:15  Drone  
  187  10:16  Drone x2, Spore Crawler  
  189  10:31  Drone  
  189  10:32  Extractor  
  183  10:44  Hydralisk x2  
  183  10:45  Zergling x14  
  183  10:47  Queen x2  
  183  10:48  Drone x2  
  195  10:54  Baneling  
  195  10:55  Baneling x9  
  195  10:56  Zergling x8, Baneling  
  199  10:57  Zerg Ground Armor Level 3, Zerg Melee Weapons Level 3  
  198  11:04  Baneling x6  
  198  11:10  Hydralisk, Zergling x2  
  198  11:11  Zergling x26  
  184  11:18  Hydralisk  
  184  11:19  Zergling x18  
  184  11:24  Hydralisk  
  184  11:25  Zergling x4  
  185  11:29  Overseer  
  185  11:30  Overseer  
  174  11:42  Baneling  
  174  11:43  Queen, Baneling x3  
  174  11:46  Drone x3  
  179  11:47  Greater Spire  
  179  11:48  Zergling x2  
  179  11:49  Zergling x20  
  190  11:57  Baneling x6  
  190  12:00  Zergling x18  
  198  12:13  Burrow  
  197  12:15  Hatchery  
  197  12:19  Baneling x2  
  197  12:22  Corruptor  
  196  12:25  Hatchery  
  196  12:29  Baneling x5  
  194  12:30  Baneling  
  194  12:31  Baneling x7  
  194  12:36  Corruptor x3  
  200  12:39  Extractor  
  188  12:47  Corruptor x3  
  188  12:49  Zergling x10  
  197  13:00  Brood Lord  
  197  13:01  Hydralisk, Zergling x2  
  197  13:02  Zergling x8  
  196  13:11  Queen  
  197  13:14  Brood Lord  
  195  13:25  Hatchery  
  194  13:28  Brood Lord x3  
  194  13:30  Zerg Flyer Weapons Level 1  
  199  13:34  Zerg Missile Weapons Level 1  
  199  13:40  Brood Lord x2  
  190  13:53  Baneling  
  190  13:54  Baneling x3  
  190  13:57  Hydralisk  
  190  13:58  Zergling x12  
  194  14:04  Hydralisk  
  194  14:05  Zergling x8  
  194  14:06  Zergling x10  
  187  14:12  Zergling x8  
  191  14:18  Overseer  
  191  14:20  Drone  
  191  14:21  Drone x2, Spine Crawler  
  191  14:22  Queen, Spine Crawler  
  194  14:25  Viper x2  
  194  14:30  Baneling x3  
  200  14:37  Baneling  
  200  14:38  Baneling x5  
  200  14:44  Baneling  
  200  14:45  Baneling  
  200  14:58  Extractor  
  200  14:59  Zergling x2  
  200  15:01  Baneling x2  
  200  15:06  Hatchery  
  193  15:33  Drone x2  
  193  15:34  Drone  
  194  15:39  Baneling x4  
  193  15:46  Zergling x18  
  193  15:47  Zergling x16  
  199  15:50  Hatchery  
  197  16:05  Spore Crawler  
  197  16:08  Spore Crawler x3  
  193  16:11  Spore Crawler  
  193  16:13  Spore Crawler  
  191  16:21  Baneling x5  
  191  16:22  Overseer x2  
  191  16:23  Overseer x2  
  191  16:26  Drone x4  
  191  16:27  Drone x2, Spore Crawler  
  191  16:28  Spine Crawler  
  191  16:29  Spine Crawler  
  194  16:36  Queen  
  194  16:40  Spore Crawler  
  194  16:44  Corruptor x2  
  194  16:45  Corruptor x2  
  194  16:46  Zerg Flyer Weapons Level 2  
  200  16:47  Zerg Missile Weapons Level 2  
  200  16:48  Spire, Drone  
  200  16:58  Baneling x2  
  200  16:59  Baneling  
  168  17:41  Brood Lord x4  
  173  17:44  Drone x4  
  173  17:45  Spine Crawler  
  173  17:46  Spine Crawler  
  173  17:47  Spine Crawler  
  173  17:48  Corruptor x7  
  173  17:49  Corruptor  
  173  17:52  Drone x5  
  173  17:53  Drone x10  
  173  17:56  Drone  
  173  17:57  Drone x3  
  173  17:58  Drone x7  
  197  17:59  Overseer x2  
  197  18:03  Zerg Flyer Armor Level 1  
  180  18:20  Brood Lord x7  
  180  18:21  Corruptor x5  
  199  18:29  Overseer  
  199  18:30  Drone  
  146  18:56  Drone x8  
  153  19:03  Brood Lord  
  153  19:04  Brood Lord x2  
  153  19:06  Brood Lord x3  
  161  19:12  Drone x5  
  161  19:14  Overseer  
  166  19:20  Drone  
  166  19:21  Drone x2  
  169  19:37  Corruptor x4  
  169  19:38  Corruptor x2  
  179  19:40  Overlord x3  
  179  19:50  Extractor  
Tags
 
Add a new tag
Caveats
  • Supply blocks, unpowered buildings, or Contaminate may cause inaccurate times.
  • Supply counts are checked every 10 seconds.